 Dungeon Crawl Stone Soup version 0.29-a0-330-g52719c12eb (webtiles) character file.

Game seed: 4412295650529781734

8848 CowFu the Nimble (level 11, -3/135 HPs)
             Began as a Merfolk Gladiator on Apr 13, 2022.
             Was a Believer of the Shining One.
             Slain by a tengu warrior
             ... wielding a +1 vorpal broad axe
              (8 damage)
             ... on level 9 of the Dungeon.
             The game lasted 00:11:53 (9258 turns).

CowFu the Nimble (Merfolk Gladiator)                Turns: 9258, Time: 00:11:54

Health: -3/135     AC: 17    Str: 18    XL:     11   Next: 37%
Magic:  11/11      EV: 11    Int:  9    God:    the Shining One [**....]
Gold:   549        SH:  0    Dex: 21    Spells: 10/10 levels left

rFire   . . .      SeeInvis +   a - +1 trident
rCold   x . .      Faith    .   r - orb {*Rage}
rNeg    + . .      Spirit   .   H - +3 plate armour of the Morning Star {-Cast rC- Will+++ Regen+ SInv}
rPois   .          Reflect  .   t - +1 helmet
rElec   .          Harm     .   J - +0 cloak
rCorr   +          Rampage  .   G - +0 pair of gloves
Will    ++++.      Rage     20% (no boots)
Stlth   .......... NoCast   +   y - amulet of the Madman {Acrobat Will+ Regen+}
HPRegen 1.92/turn               I - +6 ring of dexterity
MPRegen 0.12/turn               z - ring of resist corrosion

@: berserking, glowing, very quick
A: (nimble swimmer 2), mertail
a: Renounce Religion, Divine Shield


You were on level 9 of the Dungeon.
You worshipped the Shining One.
The Shining One was pleased with you.
You visited 2 branches of the dungeon, and saw 10 of its levels.

You collected 549 gold pieces.

Inventory:

Hand Weapons
 a - a +1 trident (weapon)
Missiles
 d - 5 throwing nets
 e - 4 javelins
 i - 13 boomerangs (quivered)
 v - 2 silver boomerangs
Armour
 r - an orb of wrath (worn)
 t - a +1 helmet (worn)
 G - a +0 pair of gloves (worn)
 H - the +3 plate armour of the Morning Star (worn) {-Cast rC- Will+++ Regen+ SInv}
   (You found it on level 6 of the Dungeon)

   rC:        It makes you vulnerable to cold.
   SInv:      It lets you see invisible.
   -Cast:     It prevents spellcasting.
   Regen:     It increases your rate of health regeneration.
   Will:      It greatly increases your willpower.
 J - a +0 cloak (worn)
Jewellery
 u - an amulet of magic regeneration
 y - the amulet of the Madman (around neck) {Acrobat Will+ Regen+}
   (You found it on level 4 of the Dungeon)

   [amulet of the acrobat]

   It increases your evasion while moving and waiting.
   Regen:     It increases your rate of health regeneration.
   Will:      It increases your willpower.
 z - a ring of resist corrosion (right hand)
 A - a ring of fire
 E - a ring of ice
 I - a +6 ring of dexterity (left hand)
Wands
 b - a wand of digging (4)
 l - a wand of polymorph (8)
 B - a wand of flame (83)
Scrolls
 w - 5 scrolls of teleportation
 C - a scroll of blinking {unknown}
 D - a scroll of magic mapping {unknown}
Potions
 c - a potion of brilliance
 f - a potion of invisibility
 g - 3 potions of flight
 h - a potion of might {unknown}
 j - 2 potions of mutation
 k - 2 potions of cancellation
 m - 2 potions of heal wounds
 n - 2 potions of haste
 o - 2 potions of resistance
 p - 2 potions of curing
 q - a potion of attraction {unknown}
 s - 3 potions of lignification {unknown}
 x - 2 potions of degeneration {unknown}


   Skills:
 - Level 10.0 Fighting
 + Level 12.6 Polearms
 + Level 9.6 Throwing
 + Level 12.6 Dodging


You had 10 spell levels left.
You didn't know any spells.
Your spell library contained the following spells:

 Spells                   Type           Power      Damage    Failure   Level
 Ensorcelled Hibernation  Hex/Ice        0%         N/A       100%        2
 Dazzling Flash           Conj/Hex       0%         N/A       100%        3
 Gell's Gravitas          Tloc           0%         N/A       100%        3
 Spider Form              Tmut/Pois      0%         N/A       100%        3
 Teleport Other           Tloc           0%         N/A       100%        3
 Anguish                  Hex/Necr       0%         N/A       100%        4
 Agony                    Necr           0%         N/A       100%        5
 Silence                  Hex/Air        0%         N/A       100%        5
 Dispersal                Tloc           0%         N/A       100%        6


Dungeon Overview and Level Annotations

Branches:
Dungeon (9/15)             Temple (1/1) D:4
   Lair: D:8-11         Orc: D:9-12

Altars:
Ashenzari
Cheibriados
Dithmenos
Elyvilon
Fedhas
Hepliaklqana
Makhleb
Okawaru
Qazlal
Trog
Vehumet
Wu Jian
Xom
Zin
The Shining One

Shops:
D:7 (


Innate Abilities, Weirdness & Mutations

((You are very nimble when in or above water. (Stealth+, EV+, Speed+++)))
Your lower body shifts to a powerful aquatic tail in water.


Message History

The white ugly thing is moderately wounded.
The jumping spider pounces on the plant.
The jumping spider bites the plant.
The tengu warrior hits you but does no damage.
The tengu warrior pecks you.
The tengu warrior claws you but does no damage.
The white ugly thing trunk-slaps you. The white ugly thing freezes you!!!
You feel a terrible chill!
You puncture the white ugly thing!
The white ugly thing is heavily wounded.
You hit the white ugly thing.
The white ugly thing is heavily wounded.
The jumping spider leaps!
The white ugly thing trunk-slaps you! The white ugly thing freezes you!!!
You feel a terrible chill!
* * * LOW HITPOINT WARNING * * *
The tengu warrior hits you but does no damage.
The tengu warrior pecks you but does no damage.
The tengu warrior claws you.
* * * LOW HITPOINT WARNING * * *
You puncture the white ugly thing!
The white ugly thing is severely wounded.
The jumping spider leaps!
You hit the white ugly thing.
The white ugly thing is severely wounded.
The tengu warrior hits you but does no damage.
The tengu warrior closely misses you. The tengu warrior claws you.
* * * LOW HITPOINT WARNING * * *
The white ugly thing trunk-slaps you.
* * * LOW HITPOINT WARNING * * *
The white ugly thing freezes you!!
You feel a terrible chill!
* * * LOW HITPOINT WARNING * * *
You barely miss the white ugly thing.
The white ugly thing is severely wounded.
You puncture the white ugly thing!
The white ugly thing is almost dead.
You completely miss the white ugly thing.
The white ugly thing is almost dead.
A nearby plant withers and dies.
The white ugly thing misses you.
The tengu warrior hits you with a +1 vorpal broad axe!
You die...

### ### #P. .P#
#.#+#.# #.#$#.#
#.###.# .. #.u.QP#
....###@###.# .#
#.....°.s.# .
##..##.####..# . #
)...####...# .#.#
##........#####.#.##
#..##.#.#.#...#.#.#
#.#.#.####..#.#..#
#.....))...#.#...#
....#######.#.#...


You could see a white ugly thing, a tengu warrior and a jumping spider.

Vanquished Creatures
  2 two-headed ogres (D:8)
  Maggie (D:7)
  Grinder (D:3)
  Prince Ribbit (D:5)
  A slime creature (D:9)
  A vampire (D:9)
  Sigmund (D:2)
  3 yaks (D:8)
  Eustachio (D:6)
  A wyvern (D:8)
  A steam dragon (D:7)
  An acid dragon (D:9)
  A water moccasin (D:5)
  Duvessa (D:5)
  An ice beast (D:6)
  2 sky beasts
  4 orc warriors
  3 centaurs
  An ogre (D:5)
  A phantom (D:5)
  3 bullfrogs
  A kobold brigand (D:8)
  2 necrophages
  2 gnoll sergeants
  5 scorpions
  Dowan (D:5)
  4 killer bees
  5 hounds
  3 orc priests
  A gnoll shaman (D:5)
  Crazy Yiuf (D:3)
  Terence (D:2)
  2 iguanas
  4 orc wizards
  Ijyb (D:5)
  12 gnolls
  11 adders
  A shadow imp (D:5)
  2 ufetubi (D:6)
  2 worms
  2 dart slugs
  22 orcs
  8 endoplasms
  3 giant cockroaches
  7 goblins
  4 hobgoblins
  6 kobolds
  3 quokkas
  3 ball pythons
  5 bats
  3 frilled lizards
  3 rats
162 creatures vanquished.

Vanquished Creatures (others)
  A plant (D:9)
1 creature vanquished.

Grand Total: 163 creatures vanquished

Notes
Turn   | Place    | Note
-------+----------+-------------------------------------------
     0 | D:1      | CowFu the Merfolk Gladiator began the quest for the Orb.
     0 | D:1      | Reached XP level 1. HP: 16/16 MP: 1/1
   264 | D:1      | Reached XP level 2. HP: 21/23 MP: 2/2
  1150 | D:2      | Found a white marble altar of Elyvilon.
  1232 | D:2      | Reached XP level 3. HP: 28/28 MP: 3/3
  1491 | D:2      | Found a faded altar of an unknown god.
  1501 | D:2      | Prayed at the altar of an unknown god.
  1501 | D:2      | Became a worshipper of the Shining One
  1501 | D:2      | Reached * piety under the Shining One
  1721 | D:2      | Noticed Sigmund
  1743 | D:2      | Killed Sigmund
  1744 | D:2      | Reached skill level 5 in Polearms
  1744 | D:2      | Reached skill level 5 in Dodging
  1744 | D:2      | Reached XP level 4. HP: 25/37 MP: 4/4
  1744 | D:2      | Reached XP level 5. HP: 28/42 MP: 5/5
  1849 | D:2      | Noticed Terence
  1880 | D:2      | HP: 1/42 [Terence/+0 short sword (6)]
  2297 | D:2      | Killed Terence
  2298 | D:2      | Reached XP level 6. HP: 41/48 MP: 2/6
  2518 | D:3      | Noticed Grinder
  2531 | D:3      | Paralysed by Grinder for 3 turns
  2537 | D:3      | Killed Grinder
  2538 | D:3      | Reached XP level 7. HP: 18/55 MP: 7/7
  3213 | D:3      | Found a runed translucent door.
  3214 | D:3      | Noticed Crazy Yiuf
  3296 | D:3      | Found a white marble altar of Elyvilon.
  3760 | D:3      | Killed Crazy Yiuf
  3870 | D:4      | Found a staircase to the Ecumenical Temple.
  3935 | D:4      | Found a blossoming altar of Fedhas.
  4126 | D:4      | Found a hazy altar of Hepliaklqana.
  4156 | D:4      | Found a glowing silver altar of Zin.
  4441 | D:4      | Identified the amulet of the Madman {Acrobat Will+ Regen+}
  4697 | Temple   | Entered the Ecumenical Temple
  4745 | D:5      | Entered Level 5 of the Dungeon
  4767 | D:5      | Reached skill level 5 in Fighting
  4772 | D:5      | Reached XP level 8. HP: 62/62 MP: 8/8
  4888 | D:5      | Reached skill level 5 in Throwing
  5055 | D:5      | Found a broken altar of Ashenzari.
  5078 | D:5      | Found a bloodstained altar of Trog.
  5206 | D:5      | Noticed Prince Ribbit
  5212 | D:5      | Killed Prince Ribbit
  5432 | D:5      | Noticed Ijyb
  5442 | D:5      | Killed Ijyb
  5539 | D:5      | Reached XP level 9. HP: 71/71 MP: 9/9
  5870 | D:5      | Noticed Dowan
  5871 | D:5      | Noticed Duvessa
  5882 | D:5      | Killed Duvessa
  5887 | D:5      | Killed Dowan
  5964 | D:6      | Noticed Eustachio
  5967 | D:6      | Reached ** piety under the Shining One
  5991 | D:6      | Killed Eustachio
  6687 | D:6      | Reached XP level 10. HP: 83/83 MP: 10/10
  7139 | D:7      | Found Fegadi's Weapon Shoppe.
  7161 | D:7      | Noticed Maggie
  7171 | D:7      | Killed Maggie
  7859 | D:6      | Identified the +3 plate armour of the Morning Star {-Cast
                  | rC- Will+++ Regen+ SInv}
  7916 | D:8      | Noticed a two-headed ogre
  7930 | D:8      | Killed a two-headed ogre
  7931 | D:8      | Reached XP level 11. HP: 90/90 MP: 11/11
  8009 | D:8      | Found a radiant altar of Vehumet.
  8362 | D:8      | Noticed a two-headed ogre
  8370 | D:8      | Killed a two-headed ogre
  8371 | D:8      | Reached skill level 10 in Fighting
  9247 | D:9      | Noticed a white ugly thing
  9247 | D:9      | Noticed a tengu warrior
  9255 | D:9      | HP: 2/135 [white ugly thing (24)]
  9258 | D:9      | Slain by a tengu warrior

Illustrated notes

Levels and vault maps discovered:
D:1:      beargit_arrival_diablo_church, layout_basic,
          chequers_serial_rivers_micro_e, nrook_campfire, minivault_4
D:2:      layout_basic, hellmonk_ecumenical_altar_heavens_door, basic_altar,
          uniq_terence, uniq_sigmund
D:3:      layout_loops_ring, lemuel_coloured_pillars_altar,
          uniq_crazy_yiuf_cottage, uniq_grinder
D:4:      layout_basic, mainiacjoe_overflow_brackets, amcnicky_altar_gilded,
          worldfamousw_hep_ancestral_shrine, temple_fountains
D:5:      minmay_evil_eye, layout_basic, overflow_temple_1_default,
          ashenzari_altar_1, kennysheep_generic_room_7, uniq_duvessa,
          uniq_prince_ribbit1, uniq_ijyb
D:6:      layout_loops_ring, kennysheep_minor_cross, uniq_eustachio
D:7:      layout_basic, serial_shops, shop_statue, serial_glass,
          glass_columns_b, glass_columns_c, uniq_maggie
D:8:      layout_basic, mainiacjoe_overflow_24_doors
D:9:      layout_roguey, grunt_nemelex_the_gamble, david_orc_1_choice,
          grunt_ministairs_15, minmay_shattered_shrine
Temple:   hc_temple_tempest_star

Skill      XL: |  1  2  3  4  5  6  7  8  9 10 11 |
---------------+----------------------------------+-----
Fighting       | 3 4 5 6 9 10 | 10.0
Polearms       | 5 6 7 8 11 12 | 12.6
Throwing       | 3 4 5 8 9 |  9.6
Dodging        | 5 6 7 8 11 12 | 12.6

Action                   |  1- 3 |  4- 6 |  7- 9 | 10-12 || total
-------------------------+-------+-------+-------+-------++-------
Melee: Trident           |   109 |    50 |   293 |   166 ||   618
Throw: Boomerang         |       |       |       |    51 ||    51
Invok: Divine Shield     |       |     1 |       |       ||     1
  Use: Scroll            |       |     4 |     7 |     5 ||    16
       Potion            |       |       |     1 |       ||     1
 Stab: Sleeping          |     2 |       |       |       ||     2
Armor: Leather armour    |    11 |     8 |       |       ||    19
       Scale mail        |       |     3 |    80 |     8 ||    91
       Plate armour      |       |       |       |    27 ||    27
Dodge: Dodged            |    46 |    21 |   149 |    61 ||   277
Block: Other             |       |     4 |       |       ||     4

Table legend: (Time is in decaauts)
 A = Elapsed time spent in this place.
 B = Non-inter-level travel time spent in this place.
 C = Inter-level travel time spent in this place.
 D = Time resting spent in this place.
 E = Time spent auto-exploring this place.
 F = Levels seen in this place.
 G = Mean time per level.
                   A        B        C        D        E       F      G
               +--------+--------+--------+--------+--------+-----+--------+
         Total |   9455 |   8481 |    974 |      0 |   7002 |  10 |  945.5 |
       Dungeon |   9424 |   8458 |    966 |      0 |   6986 |   9 | 1047.1 |
        Temple |     31 |     23 |      8 |      0 |     16 |   1 |   31.0 |
               +--------+--------+--------+--------+--------+-----+--------+

Top non-repeatable levels by time:
     D:3: 1564 daAuts
     D:8: 1410 daAuts
     D:2: 1361 daAuts
     D:5: 1334 daAuts
     D:1: 1101 daAuts
     D:4: 1039 daAuts
     D:6: 948 daAuts
     D:7: 550 daAuts
     D:9: 114 daAuts
  Temple: 31 daAuts
